 Dungeon Crawl Stone Soup version 0.18.1-48-g4cf74bf (webtiles) character file.

177 atgrul the Conjurer (level 5, 0/41 HPs)
             Began as a Draconian Conjurer on July 31, 2016.
             Shot with an arrow by a centaur (18 damage)
             ... on level 3 of the Dungeon.
             The game lasted 00:12:06 (2799 turns).

atgrul the Conjurer (Draconian Conjurer)            Turns: 2799, Time: 00:12:07

Health: 0/41       AC:  5    Str: 11    XL:     5   Next: 31%
Magic:  4/8        EV: 12    Int: 15    God:
Gold:   106        SH:  0    Dex: 12    Spells: 1 memorised, 7 levels left

rFire  . . .     SeeInvis .     h - +1 dagger (holy)
rCold  . . .     Gourm    .     (armour unavailable)
rNeg   . . .     Faith    .     (no shield)
rPois  .         Spirit   .     (helmet restricted)
rElec  .         Dismiss  .     (no cloak)
rCorr  .         Reflect  .     (no gloves)
SustAt .         Harm     .     (no boots)
MR     .....                    (no amulet)
Stlth  ++........               (no ring)
                                (no ring)

@: not resistant to hostile enchantments, unstealthy
A: unfitting armour, cold-blooded, AC +5
a: no special abilities


You were on level 3 of the Dungeon.
You were hungry.

You visited 1 branch of the dungeon, and saw 3 of its levels.

You collected 106 gold pieces.

Inventory:

Hand Weapons
 c - a +0 short sword
 h - a +1 dagger of holy wrath (weapon)
Wands
 l - a wand of acid (1/15)
Scrolls
 e - a scroll of remove curse {unknown}
 f - a scroll of enchant weapon {unknown}
 i - a scroll of identify {unknown}
 j - a scroll of noise {unknown}
 p - a scroll of teleportation {unknown}
Potions
 n - 2 potions of might {unknown}
 o - a potion of curing {unknown}
Books
 a - a book of Conjurations

   Spells                             Type                      Level
   a - Magic Dart                     Conjuration                  1
   b - Searing Ray                    Conjuration                  2
   c - Dazzling Spray                 Conjuration/Hexes            3
   d - Fulminant Prism                Conjuration/Hexes            4
   e - Iskenderun's Mystic Blast      Conjuration                  4
   f - Iskenderun's Battlesphere      Conjuration/Charms           5
Comestibles
 b - 3 bread rations
 d - a beef jerky
 g - 3 fruits
 m - a meat ration


   Skills:
 * Level 2.0 Fighting
 - Level 0.2 Short Blades
 - Level 1.7 Dodging
 - Level 1.7 Stealth
 - Level 2.0 Spellcasting
 * Level 6.2 Conjurations


You had 7 spell levels left.
You knew the following spells:

 Your Spells              Type           Power        Failure   Level  Hunger
a - Magic Dart            Conj           ###.         1%          1    #......


Dungeon Overview and Level Annotations

Branches:
Dungeon (3/15)

Altars:
Ru

Annotations:
D:2 Sigmund


Innate Abilities, Weirdness & Mutations

Your plain brown scales are hard (AC +5).
Your body does not fit into most forms of armour.
You are cold-blooded and may be slowed by cold attacks.


Message History

Casting: Magic Dart
Confirm with . or Enter, or press ? or * to list all spells.
Aiming: Magic Dart
Press: ? - help, Shift-Dir - straight line, f/p - adder
Aim: an adder (almost dead)
The magic dart hits the adder.
You kill the adder!
The centaur wields a shortbow.
The centaur shoots an arrow.
The arrow hits you.
The centaur shoots an arrow.
The arrow closely misses you.
The centaur shoots an arrow.
The arrow hits you but does no damage.
You see here an arrow.
The centaur shoots an arrow.
The arrow closely misses you.
The centaur shoots an arrow.
The arrow hits you!
You see here an arrow.
The centaur shoots an arrow.
The arrow barely misses you.
The centaur shoots an arrow.
The arrow hits you.
You see here 3 arrows.
The centaur shoots an arrow.
The arrow hits you.
The centaur shoots an arrow.
The arrow hits you!!
You die...

#.# ### #.##### #.. ......# #.#
...##.# #.# ...##.## ##### #.#
...##..## #...# #..
........#################...###.#
................((.(.((c.....)...
...####.########@########...##..#
...# #.## #.........# #...##..#
#..####..###.........# ######..#
..........##.........# #..#
....###...##.........# #... ...##
#...##.........### .... #.##
###.##.........#.# #.# #.## ...#
#.######.#####.# #.# #.## ...#
#..# #.# #.# #.###.##


You could see a centaur.

Vanquished Creatures
  A scorpion (D:2)
  A hound zombie (D:3)
  Robin (D:2)
  3 adders
  4 dart slugs
  An orc (D:3)
  2 ball pythons (D:1)
  2 giant cockroaches (D:2)
  19 goblins
  10 hobgoblins
  2 jackals (D:1)
  6 kobolds
  A quokka (D:3)
  6 bats
  2 giant newts
  7 rats
68 creatures vanquished.

Notes
Turn   | Place    | Note
--------------------------------------------------------------
     0 | D:1      | atgrul the Draconian Conjurer began the quest for the Orb.
     0 | D:1      | Reached XP level 1. HP: 14/14 MP: 3/3
    70 | D:1      | Reached XP level 2. HP: 20/20 MP: 3/5
   559 | D:2      | Reached XP level 3. HP: 19/27 MP: 0/6
   694 | D:2      | Noticed Sigmund
   848 | D:2      | Reached skill level 5 in Conjurations
  1018 | D:2      | Reached skill level 1 in Fighting
  1139 | D:2      | Noticed Robin
  1300 | D:2      | Reached XP level 4. HP: 35/35 MP: 0/7
  1344 | D:2      | Killed Robin
  1625 | D:2      | Found a sacrificial altar of Ru.
  1867 | D:3      | Noticed a centaur
  2282 | D:2      | Reached skill level 6 in Conjurations
  2282 | D:2      | Reached XP level 5. HP: 33/41 MP: 1/8
  2799 | D:3      | Shot with an arrow by a centaur

Skill      XL: |  1  2  3  4  5 |
---------------+----------------+-----
Conjurations   | 5 6 |  6.2
Fighting       | 1 2 |  2.0
Short Blades   | |  0.2
Dodging        | |  1.7
Stealth        | |  1.7
Spellcasting   | |  2.0

Action                   |  1- 3 |  4- 6 || total
-------------------------+-------+-------++-------
Melee: Short sword       |    31 |    18 ||    49
       Unarmed           |     5 |       ||     5
       Tailslap          |     3 |     8 ||    11
       Dagger            |       |    26 ||    26
 Cast: Magic Dart        |    67 |    56 ||   123
  Use: Potion            |       |     2 ||     2
  Eat: Chunk             |     2 |     4 ||     6
       Fruit             |       |     2 ||     2
Armor: Skin              |    14 |    12 ||    26
Dodge: Dodged            |    25 |    47 ||    72
